 Dungeon Crawl Stone Soup version 0.28.0-45-g0d030f2227 (webtiles) character file.

Game seed: 2093252690040398175

142 Ablot the Cutter (level 5, 0/47 HPs)
             Began as a Gnoll Chaos Knight on Apr 14, 2022.
             Was a Plaything of Xom.
             Slain by an orc
             ... wielding a +0 flail
              (7 damage)
             ... on level 3 of the Dungeon.
             The game lasted 00:03:24 (2425 turns).

Ablot the Cutter (Gnoll Chaos Knight)               Turns: 2425, Time: 00:03:25

Health: 0/47       AC:  8    Str:  9    XL:     5   Next: 24%
Magic:  7/7        EV: 12    Int: 12    God:    Xom [.*....]
Gold:   35         SH:  0    Dex: 11    Spells: 6/6 levels left

rFire   . . .      SeeInvis .   a - +0 short sword (chaos)
rCold   . . .      Faith    +   (no shield)
rNeg    . . .      Spirit   .   b - +1 robe {Archmagi}
rPois   .          Reflect  .   h - +0 helmet
rElec   .          Harm     .   (no cloak)
rCorr   .          Rampage  .   (no gloves)
Will    .....      Archmagi +   (no boots)
Stlth   ++........ Rage     1%  r - amulet of faith
HPRegen 0.15/turn               g - +4 ring of protection
MPRegen 0.10/turn               (no ring)

@: unable to read
A: fangs 1, strong nose, distributed training, berserk 1, weak 2, inability to
read while threatened
a: Renounce Religion


You were on level 3 of the Dungeon.
You worshipped Xom.
You were a plaything of Xom.
You visited 1 branch of the dungeon, and saw 3 of its levels.

You collected 175 gold pieces.
You spent 140 gold pieces at shops.

Inventory:

Hand Weapons
 a - a +0 short sword of chaos (weapon)
Missiles
 e - 17 sling bullets
 f - 75 stones (quivered)
 k - 17 bolts
Armour
 b - a +1 robe of the Archmagi (worn)
 h - a +0 helmet (worn)
Magical Staves
 q - a staff of air
Jewellery
 g - a +4 ring of protection (left hand)
 r - an amulet of faith (around neck)
Scrolls
 c - 2 scrolls of teleportation {unknown}
 i - a scroll of silence {unknown}
 l - a scroll of magic mapping {unknown}
 m - a scroll of fog {unknown}
 n - a scroll of identify {unknown}
Potions
 d - a potion of attraction {unknown}
 j - a potion of berserk rage {unknown}
 o - a potion of curing
 p - a potion of heal wounds
 t - a potion of flight


   Skills:
 + Level 6.7 Fighting
 + Level 6.7 Short Blades
 + Level 1.4 Long Blades
 + Level 1.4 Axes
 + Level 1.4 Maces & Flails
 + Level 1.4 Polearms
 + Level 1.4 Staves
 + Level 1.4 Slings
 + Level 1.4 Bows
 + Level 1.4 Crossbows
 + Level 1.4 Throwing
 + Level 4.7 Armour
 + Level 2.9 Dodging
 + Level 1.4 Stealth
 + Level 1.4 Shields
 + Level 1.4 Unarmed Combat
 + Level 1.4 Spellcasting
 + Level 1.1 Conjurations
 + Level 1.1 Hexes
 + Level 1.1 Summonings
 + Level 1.1 Necromancy
 + Level 1.1 Translocations
 + Level 1.1 Transmutations
 + Level 1.1 Fire Magic
 + Level 1.1 Ice Magic
 + Level 1.1 Air Magic
 + Level 1.1 Earth Magic
 + Level 1.1 Poison Magic
 + Level 1.6 Invocations
 + Level 1.4 Evocations


You had 6 spell levels left.
You didn't know any spells.
Your spell library was empty.

Dungeon Overview and Level Annotations

Branches:
Dungeon (3/15)

Altars:

Shops:
D:1 (   D:3 :!(!(


Innate Abilities, Weirdness & Mutations

You have very sharp teeth.
Your uncanny sense of smell can sniff out nearby items.
Your experience applies equally to all skills.
You tend to lose your temper in combat.
You are very weak. (Str -4)
You sometimes lose the ability to read scrolls when taking damage.


Message History

You feel less confused.
You can read scrolls again.
The orc barely misses you.
Items here: )) [[ †.
The orc barely misses you.
You hit the orc but do no damage. You bite the orc, but do no damage.
The orc hits you with a +0 flail.
You barely miss the orc. The orc hits you with a +0 flail.
You feel threatened and lose the ability to read scrolls!
You closely miss the orc. You bite the orc, but do no damage.
The orc barely misses you.
You hit the orc but do no damage.
The orc goes berserk!
Xom is highly amused!
The orc misses you.
You hit the orc but do no damage. Your bite misses the orc.
You can read scrolls again.
The orc hits you with a +0 flail.
You feel threatened and lose the ability to read scrolls!
You hit the orc. You burn the orc. You bite the orc, but do no damage.
The orc is lightly wounded.
The orc hits you with a +0 flail.
You hit the orc but do no damage.
The orc is lightly wounded.
The orc hits you with a +0 flail.
* * * LOW HITPOINT WARNING * * *
You closely miss the orc.
The orc is lightly wounded.
The orc hits you but does no damage.
You closely miss the orc. You bite the orc, but do no damage.
The orc is lightly wounded.
The orc closely misses you.
You closely miss the orc.
The orc is lightly wounded.
The orc hits you with a +0 flail!
* * * LOW HITPOINT WARNING * * *
You hit the orc but do no damage.
The orc is poisoned.
The orc is lightly wounded.
The orc barely misses you. The orc hits you with a +0 flail!
You die... "I guess I need a new plaything now."

##................##
...................#
##.................#
................##.####
.......###.####.###...##
...........# #.##.....#
.......##### #.#.......#
.......# #o)...∩...#
.......# #.@)......#
......8# #.##.)..†##
#####..# #.###...## #.<#
#.# .#..# #..# #.#
.#.#.. #!∩# #.# . . #..#
#.. . #.8# ## #..#


You could see an orc (berserk, very poisoned).

Vanquished Creatures
  2 orc wizards (D:3)
  2 adders (D:2)
  A dart slug (D:1)
  3 orcs (D:3)
  7 bats
  7 endoplasms
  2 giant cockroaches
  9 goblins
  9 hobgoblins
  3 kobolds
  4 quokkas
  4 ball pythons
  3 frilled lizards (D:1)
  8 rats
64 creatures vanquished.

Notes
Turn   | Place    | Note
-------+----------+-------------------------------------------
     0 | D:1      | Ablot the Gnoll Chaos Knight began the quest for the Orb.
     0 | D:1      | Reached XP level 1. HP: 23/23 MP: 1/1
   234 | D:1      | Reached XP level 2. HP: 29/29 MP: 2/2
   587 | D:1      | Reached XP level 3. HP: 30/35 MP: 3/3
   656 | D:1      | XOM: divination: detect items
   661 | D:1      | Found Lojunem's Weapon Boutique.
   815 | D:1      | XOM is BORED!
   815 | D:1      | XOM: give mutations
   815 | D:1      | Gained mutation: You are weak. (Str -2) [Xom's mischief]
   815 | D:1      | Gained mutation: You are very weak. (Str -4) [Xom's
                  | mischief]
   815 | D:1      | Gained mutation: You tend to lose your temper in combat.
                  | [Xom's mischief]
   815 | D:1      | Gained mutation: You sometimes lose the ability to read
                  | scrolls when taking damage. [Xom's mischief]
   934 | D:2      | Reached skill level 1 in Invocations
  1023 | D:2      | XOM: 8-stop teleportation journey
  1027 | D:2      | Reached skill level 1 in Long Blades
  1027 | D:2      | Reached skill level 1 in Axes
  1027 | D:2      | Reached skill level 1 in Maces & Flails
  1027 | D:2      | Reached skill level 1 in Polearms
  1027 | D:2      | Reached skill level 1 in Staves
  1027 | D:2      | Reached skill level 1 in Slings
  1027 | D:2      | Reached skill level 1 in Bows
  1027 | D:2      | Reached skill level 1 in Crossbows
  1027 | D:2      | Reached skill level 1 in Throwing
  1027 | D:2      | Reached skill level 1 in Stealth
  1027 | D:2      | Reached skill level 1 in Shields
  1027 | D:2      | Reached skill level 1 in Unarmed Combat
  1027 | D:2      | Reached skill level 1 in Spellcasting
  1027 | D:2      | Reached skill level 1 in Evocations
  1151 | D:2      | Reached XP level 4. HP: 41/41 MP: 5/5
  1401 | D:2      | Found a faded altar of an unknown god.
  1697 | D:3      | Found Osikiu's Book Shoppe.
  1984 | D:3      | Found Iwehi's Distillery.
  1990 | D:3      | Bought a potion of curing for 33 gold pieces
  1990 | D:3      | Bought a potion of heal wounds for 55 gold pieces
  2053 | D:3      | Found Joehakio's Antique Weapon Emporium.
  2068 | D:3      | Reached skill level 1 in Conjurations
  2068 | D:3      | Reached skill level 1 in Hexes
  2068 | D:3      | Reached skill level 1 in Summonings
  2068 | D:3      | Reached skill level 1 in Necromancy
  2068 | D:3      | Reached skill level 1 in Translocations
  2068 | D:3      | Reached skill level 1 in Transmutations
  2068 | D:3      | Reached skill level 1 in Fire Magic
  2068 | D:3      | Reached skill level 1 in Ice Magic
  2068 | D:3      | Reached skill level 1 in Air Magic
  2068 | D:3      | Reached skill level 1 in Earth Magic
  2068 | D:3      | Reached skill level 1 in Poison Magic
  2093 | D:3      | Found Qiemebez's Distillery.
  2099 | D:3      | Bought a potion of degeneration for 13 gold pieces
  2099 | D:3      | Bought a potion of flight for 39 gold pieces
  2291 | D:3      | XOM: 1-stop teleportation journey
  2368 | D:3      | Found Uviegag's Weapon Emporium.
  2388 | D:3      | Reached XP level 5. HP: 47/47 MP: 6/6
  2425 | D:3      | Slain by an orc

Illustrated notes

Levels and vault maps discovered:
D:1:      shiori_shiawase, layout_basic, serial_shops, nicolae_shop_behind_doors
D:2:      layout_loops_ring, chequers_ecumenical_altar_simple
D:3:      layout_basic, serial_shops, shop_statue, shop,
          nicolae_shop_overgrown_old_shop, nicolae_shop_bloodbath_and_beyond,
          shop_statue

Skill      XL: |  1  2  3  4 |
---------------+-------------+-----
Invocations    | 1 |  1.6
Long Blades    | 1 |  1.4
Axes           | 1 |  1.4
Maces & Flails | 1 |  1.4
Polearms       | 1 |  1.4
Staves         | 1 |  1.4
Slings         | 1 |  1.4
Bows           | 1 |  1.4
Crossbows      | 1 |  1.4
Throwing       | 1 |  1.4
Stealth        | 1 |  1.4
Shields        | 1 |  1.4
Unarmed Combat | 1 |  1.4
Spellcasting   | 1 |  1.4
Evocations     | 1 |  1.4
Conjurations   | 1 |  1.1
Hexes          | 1 |  1.1
Summonings     | 1 |  1.1
Necromancy     | 1 |  1.1
Translocations | 1 |  1.1
Transmutations | 1 |  1.1
Fire Magic     | 1 |  1.1
Ice Magic      | 1 |  1.1
Air Magic      | 1 |  1.1
Earth Magic    | 1 |  1.1
Poison Magic   | 1 |  1.1
Fighting       | |  6.7
Short Blades   | |  6.7
Armour         | |  4.7
Dodging        | |  2.9

Action                   |  1- 3 |  4- 6 || total
-------------------------+-------+-------++-------
Melee: Short sword       |   105 |   121 ||   226
       Bite              |     5 |    10 ||    15
 Stab: Paralysed         |     1 |       ||     1
       Confused          |       |     2 ||     2
       Sleeping          |       |     2 ||     2
Armor: Leather armour    |    26 |       ||    26
       Robe              |     3 |    39 ||    42
Dodge: Dodged            |    40 |    62 ||   102
